 Dungeon Sprint DCSS version 0.15-a0-1206-g3bad1a6 (webtiles) character file.

599 Infinimo the Grappler (level 7, -8/74 HPs)
             Began as a Minotaur Monk on June 1, 2014.
             Mangled by a boulder beetle (45 damage)
             ... in the Dungeon (Sprint II: "The Violet Keep of Menkaure").
             The game lasted 00:01:12 (517 turns).

Infinimo the Grappler (Minotaur Monk)                Turns: 517, Time: 00:01:13

HP  -8/74        AC  2     Str 17      XL: 7   Next: 17%
MP   3/3         EV 13     Int  5 (7)  God:
Gold 729         SH  0     Dex 13      Spells:  0 memorised,  6 levels left

rFire  . . .     SeeInvis .       - Unarmed
rCold  . . .     Clarity  .     a - +0 robe
rNeg   . . .     rCorr    .     (no shield)
rPois  .         rRot     .     (helmet restricted)
rElec  .         Spirit   .     (no cloak)
SustAb .         Warding  .     (no gloves)
rMut   .         NoTele   +     (no boots)
Gourm  .                        (no amulet)
MR     .....                    (no ring)
                                (no ring)

@: not resistant to hostile enchantments, unstealthy
A: retaliatory headbutt, horns 2
a: no special abilities


You were in the Dungeon.
You were not hungry.

You visited 1 branch You collected 729 gold pieces.

Inventory:

Armour
 a - a +0 robe (worn)
Comestibles
 b - a bread ration
 i - 3 rotting chunks of worker ant flesh
Scrolls
 h - a scroll of blinking
Potions
 c - a potion of curing
 d - a potion of heal wounds
 e - a potion of haste
 f - 2 potions of magic
 g - a potion of berserk rage


   Skills:
 - Level 11.2 Fighting
 + Level 0.0 Armour
 - Level 3.2 Dodging
 - Level 1.5 Stealth
 * Level 13.9 Unarmed Combat


You had 6 spell levels left.
You didn't know any spells.

Dungeon Overview and Level Annotations

Branches:
Dungeon (1/1)

Altars:


Innate Abilities, Weirdness & Mutations

You reflexively headbutt those who attack you in melee.
You have a pair of horns on your head.


Message History

You punch the boulder beetle! x2
The boulder beetle is moderately wounded.
The boulder beetle twitches its antennae in your direction.
The smell of rotting flesh makes you sick. (slot i)
You headbutt the boulder beetle, but do no damage.
The boulder beetle is moderately wounded.
The boulder beetle is moderately wounded.
The boulder beetle bites you!!!
Ouch! That really hurt!
You punch the boulder beetle!
You punch the boulder beetle, but do no damage.
The boulder beetle is heavily wounded.
You punch the boulder beetle!
You headbutt the boulder beetle, but do no damage.
The boulder beetle is severely wounded.
The boulder beetle curls into a ball and starts rolling!
The boulder beetle smashes into the boulder beetle!
The boulder beetle stops rolling.
The boulder beetle bites you!!!
Ouch! That really hurt!
You die...

##+## ##...##
#.##%.# #
##.###### ##.
##'# #.##
#$..##.###..#
#B@<.'.##+
#..B##.###..#
##. ##%###.##
# ##.#.####
#.###.#
##.#.## ##+##


You could see 2 boulder beetles.

Vanquished Creatures
  2 hippogriffs (D)
  4 brain worms (D)
  4 worker ants (D)
10 creatures vanquished.

Vanquished Creatures (others)
  A baby alligator (D)
  A crocodile (D)
2 creatures vanquished.

Grand Total: 12 creatures vanquished

Notes
Turn   | Place    | Note
--------------------------------------------------------------
     0 | D        | Infinimo, the Minotaur Monk, began the quest for the Orb.
     0 | D        | Reached XP level 1. HP: 19/19 MP: 1/1
     1 | D        | Noticed a brain worm
     9 | D        | Killed a brain worm
     9 | D        | Reached skill level 6 in Fighting
     9 | D        | Reached skill level 8 in Unarmed Combat
     9 | D        | Reached XP level 2. HP: 8/31 MP: 1/1
     9 | D        | Reached XP level 3. HP: 9/38 MP: 2/2
     9 | D        | Reached XP level 4. HP: 10/45 MP: 2/2
   103 | D        | Killed a baby alligator
   242 | D        | Noticed a brain worm
   243 | D        | Killed a brain worm
   243 | D        | Reached skill level 9 in Unarmed Combat
   244 | D        | Noticed a brain worm
   244 | D        | Noticed a brain worm
   246 | D        | Killed a brain worm
   246 | D        | Reached skill level 10 in Unarmed Combat
   246 | D        | Reached XP level 5. HP: 51/56 MP: 2/2
   251 | D        | Killed a brain worm
   251 | D        | Reached skill level 11 in Unarmed Combat
   262 | D        | Noticed a worker ant
   262 | D        | Noticed a worker ant
   267 | D        | Killed a worker ant
   267 | D        | Reached XP level 6. HP: 50/64 MP: 3/3
   269 | D        | Killed a worker ant
   269 | D        | Reached skill level 12 in Unarmed Combat
   270 | D        | Noticed a worker ant
   270 | D        | Noticed a worker ant
   273 | D        | Killed a worker ant
   278 | D        | Killed a worker ant
   278 | D        | Reached skill level 10 in Fighting
   485 | D        | Noticed a hippogriff
   485 | D        | Noticed a hippogriff
   488 | D        | Killed a crocodile
   491 | D        | Killed a hippogriff
   491 | D        | Reached skill level 13 in Unarmed Combat
   493 | D        | Killed a hippogriff
   493 | D        | Reached XP level 7. HP: 71/74 MP: 3/3
   510 | D        | Noticed a boulder beetle
   510 | D        | Noticed a boulder beetle
   517 | D        | Mangled by a boulder beetle

Action                   |  1- 3 |  4- 6 |  7- 9 || total
-------------------------+-------+-------+-------++-------
Melee: Unarmed           |     7 |    22 |     5 ||    34
 Stab: Sleeping          |       |     4 |       ||     4
